 Dungeon Crawl Stone Soup version 0.31.0-11-ge490571c62 (webtiles) character file.

Game seed: 10815479877400617809

208 thiscave3701365 the Grasshopper (level 5, -6/43 HPs)
             Began as a Gnoll Warper on Jan 31, 2024.
             Mangled by an ogre
             ... wielding a +0 giant club
              (22 damage)
             ... on level 4 of the Dungeon on Feb 2, 2024.
             The game lasted 00:10:24 (3221 turns).

thiscave3701365 the Grasshopper (Gnoll Warper)      Turns: 3221, Time: 00:10:25

Health: -6/43      AC: 10    Str: 12    XL:     5   Next: 86%
Magic:  12/12      EV:  5    Int: 12    God:
Gold:   147        SH:  8    Dex: 12    Spells: 14/14 levels left

rFire   . . .        y - +2 war axe (vamp)
rCold   . . .        l - +0 kite shield
rNeg    . . .        n - +0 chain mail
rPois   .            (no helmet)
rElec   .            (no cloak)
rCorr   .            w - +0 pair of gloves
SInv    .            (no boots)
Will    .....        (no amulet) Stlth
                     (no ring)
HPRegen 0.27/turn    (no ring)
MPRegen 0.13/turn

%: no passive effects
@: no status effects
A: fangs 1, strong nose, distributed training
a: no special abilities


You were on level 4 of the Dungeon.
You visited 1 branch of the dungeon, and saw 4 of its levels.

You collected 147 gold pieces.

Inventory:

Hand Weapons
 b - a +0 sling
 y - a +2 vampiric war axe (weapon)
Missiles
 d - 7 darts of dispersal (quivered)
 i - 11 poisoned darts
Armour
 l - a +0 kite shield (worn)
 n - a +0 chain mail (worn)
 w - a +0 pair of gloves (worn)
Jewellery
 g - a ring of resist corrosion
Talismans
 a - a talisman of death
 p - a flux talisman
Wands
 s - a wand of polymorph (7)
 x - a wand of iceblast (6)
Scrolls
 c - a scroll of blinking
 j - a scroll of enchant weapon
 o - a scroll of teleportation
Potions
 e - a potion of brilliance {unknown}
 q - a potion of resistance {unknown}
 t - a potion of mutation {unknown}
 u - a potion of attraction
 v - 2 potions of haste


   Skills:
 + Level 4.9 Fighting
 + Level 1.7 Short Blades
 + Level 1.7 Long Blades
 + Level 4.9 Axes
 + Level 1.7 Maces & Flails
 + Level 1.7 Polearms
 + Level 1.7 Staves
 + Level 1.7 Ranged Weapons
 + Level 3.1 Throwing
 + Level 3.1 Armour
 + Level 4.9 Dodging
 + Level 1.7 Stealth
 + Level 1.7 Shields
 + Level 1.7 Unarmed Combat
 + Level 5.3 Spellcasting
 + Level 1.3 Conjurations
 + Level 1.3 Hexes
 + Level 1.3 Summonings
 + Level 1.3 Necromancy
 + Level 5.6 Translocations
 + Level 1.3 Fire Magic
 + Level 1.3 Ice Magic
 + Level 1.3 Air Magic
 + Level 1.3 Earth Magic
 + Level 1.3 Alchemy
 + Level 2.0 Invocations
 + Level 1.7 Evocations
 + Level 1.5 Shapeshifting


You had 14 spell levels left.
You didn't know any spells.
Your spell library contained the following spells:

 Spells                   Type           Power      Damage    Failure   Level
 Blink                    Tloc           32%        N/A       96%         2
 Lesser Beckoning         Tloc           32%        N/A       96%         2
 Teleport Other           Tloc           16%        N/A       99%         3
 Call Imp                 Summ           12%        N/A       100%        2
 Cigotuvi's Dreadful Rot  Necr/Alch/Air  12%        N/A       100%        2
 Sublimation of Blood     Necr           6%         N/A       100%        2
 Dazzling Flash           Conj/Hex       12%        N/A       100%        3
 Volatile Blastmotes      Fire/Tloc      22%        2d11      100%        3
 Dispel Undead            Necr           6%         3d8       100%        4
 Manifold Assault         Tloc           16%        N/A       100%        4
 Martyr's Knell           Necr/Summ      6%         N/A       100%        4
 Vhi's Electric Charge    Tloc/Air       22%        N/A       100%        4
 Death Channel            Necr           3%         N/A       100%        6
 Starburst                Conj/Fire      3%         6d3       100%        6
 Summon Hydra             Summ           3%         N/A       100%        7
 Maxwell's Capacitive Co  Air            3%         ∞         100%        8


Dungeon Overview and Level Annotations

Branches:
Dungeon (4/15)
 Temple: D:4-7

Altars:
Ashenzari
Elyvilon
Fedhas
Qazlal
Sif Muna
Trog
Zin
The Shining One


Innate Abilities, Weirdness & Mutations

You have very sharp teeth.
Your uncanny sense of smell can sniff out nearby items.
Your experience applies equally to all skills.


Message History

The ball python bites you. The ball python constricts you.
The hound bites you but does no damage.
The ball python bites you but does no damage.
The ball python bites you. The ball python constricts you.
You closely miss the ball python. You slash the hound!
You slash the ball python!
You feel better.
You kill the ball python!
The hound bites you but does no damage. You block the ball python's attack.
The ball python constricts you.
The hound pauses to sniff the ground.
The hound bites you but does no damage.
You hit the ball python.
You feel better.
The ball python is moderately wounded.
You hit the hound. The hound bites you but does no damage.
The ball python bites you but does no damage.
The ball python constricts you. The hound bites you but does no damage.
The ball python bites you but does no damage.
The ball python constricts you. The hound bites you.
You slash the ball python!
You kill the ball python!
You closely miss the hound. You block the hound's attack. x2
You hit the hound.
You feel better.
You kill the hound!
Your Invocations skill increases to level 2!
Unknown command.
No target in view!
No target in view!
Unknown command.
No target in view!
You start resting.
HP restored.
You climb downwards.
The ogre hits you with a +0 giant club!
There is a stone staircase leading up, spattered with blood here.
You barely miss the ogre. The ogre barely misses you.
You barely miss the ogre. The ogre hits you with a +0 giant club!
You barely miss the ogre. The ogre hits you but does no damage.
You barely miss the ogre.
The ogre hits you with a +0 giant club!!
Ouch! That really hurt!
You die...

## #.####
######....##
.....#.....#
...........#
>......O...#
.......@...#
.....###..##
### ..# .##
.. .. ...
...


You could see an ogre.

Vanquished Creatures
  A hound (D:3)
  4 gnolls (D:3)
  6 adders
  A dart slug (D:2)
  4 ribbon worms (D:3)
  7 ball pythons
  2 endoplasms
  3 giant cockroaches
  6 goblins
  7 hobgoblins
  7 jackals (D:1)
  7 kobolds
  4 quokkas
  3 bats
  5 frilled lizards
  6 rats
73 creatures vanquished.

Notes
Turn   | Place    | Note
-------+----------+-------------------------------------------
     0 | D:1      | thiscave3701365 the Gnoll Warper began the quest for the
                  | Orb.
     0 | D:1      | Reached XP level 1. HP: 20/20 MP: 6/6
    45 | D:1      | Reached XP level 2. HP: 21/26 MP: 7/7
   383 | D:1      | Reached skill level 5 in Spellcasting
   383 | D:1      | Reached XP level 3. HP: 29/31 MP: 7/9
   461 | D:1      | Reached skill level 1 in Invocations
   989 | D:2      | Found a glowing golden altar of the Shining One.
  1114 | D:2      | Reached skill level 1 in Short Blades
  1114 | D:2      | Reached skill level 1 in Long Blades
  1114 | D:2      | Reached skill level 1 in Maces & Flails
  1114 | D:2      | Reached skill level 1 in Polearms
  1114 | D:2      | Reached skill level 1 in Staves
  1114 | D:2      | Reached skill level 1 in Ranged Weapons
  1114 | D:2      | Reached skill level 1 in Stealth
  1114 | D:2      | Reached skill level 1 in Shields
  1114 | D:2      | Reached skill level 1 in Unarmed Combat
  1114 | D:2      | Reached skill level 1 in Evocations
  1273 | D:2      | Reached skill level 1 in Shapeshifting
  1273 | D:2      | Reached XP level 4. HP: 38/38 MP: 11/11
  1326 | D:2      | Reached skill level 1 in Conjurations
  1326 | D:2      | Reached skill level 1 in Hexes
  1326 | D:2      | Reached skill level 1 in Summonings
  1326 | D:2      | Reached skill level 1 in Necromancy
  1326 | D:2      | Reached skill level 1 in Fire Magic
  1326 | D:2      | Reached skill level 1 in Ice Magic
  1326 | D:2      | Reached skill level 1 in Air Magic
  1326 | D:2      | Reached skill level 1 in Earth Magic
  1326 | D:2      | Reached skill level 1 in Alchemy
  2252 | D:3      | Reached XP level 5. HP: 40/43 MP: 12/12
  2924 | D:3      | Identified the +1 hand axe "Riton" {chaos, rElec}
  3035 | D:3      | Found a shimmering blue altar of Sif Muna.
  3035 | D:3      | Found a white marble altar of Elyvilon.
  3040 | D:3      | Found a bloodstained altar of Trog.
  3041 | D:3      | Found a blossoming altar of Fedhas.
  3043 | D:3      | Found a broken altar of Ashenzari.
  3044 | D:3      | Found a glowing silver altar of Zin.
  3046 | D:3      | Found a glowing golden altar of the Shining One.
  3050 | D:3      | Found a stormy altar of Qazlal.
  3186 | D:4      | Noticed an ogre
  3221 | D:4      | Mangled by an ogre

Illustrated notes

Levels and vault maps discovered:
D:1:      tarquinn_simple_flora_water_a, layout_basic, serial_forest,
          infiniplex_forest_clump_tiny, infiniplex_forest_lined_2,
          infiniplex_forest_straight_2, infiniplex_forest_clump_large,
          infiniplex_forest_lined_2, infiniplex_forest_straight_2,
          infiniplex_forest_zigzag_1
D:2:      layout_loops_corners, basic_altar, minmay_pentomino_x4
D:3:      cheibrodos_helix_gallery, layout_loops_cross,
          nicolae_overflow_hallway_of_the_gods, st_stairs_6, nrook_mini_vaults
D:4:      nicolae_cairo_tiling_large_dashed, layout_gridville, corexii_shack,
          lexackson_kobold_supper, uniq_sigmund

Skill      XL: |  1  2  3  4  5 |
---------------+----------------+-----
Spellcasting   | 5 |  5.3
Invocations    | 1 2 |  2.0
Short Blades   | 1 |  1.7
Long Blades    | 1 |  1.7
Maces & Flails | 1 |  1.7
Polearms       | 1 |  1.7
Staves         | 1 |  1.7
Ranged Weapons | 1 |  1.7
Stealth        | 1 |  1.7
Shields        | 1 |  1.7
Unarmed Combat | 1 |  1.7
Evocations     | 1 |  1.7
Shapeshifting  | 1 |  1.5
Conjurations   | 1 |  1.3
Hexes          | 1 |  1.3
Summonings     | 1 |  1.3
Necromancy     | 1 |  1.3
Fire Magic     | 1 |  1.3
Ice Magic      | 1 |  1.3
Air Magic      | 1 |  1.3
Earth Magic    | 1 |  1.3
Alchemy        | 1 |  1.3
Throwing       | 3 |  3.1
Armour         | 3 |  3.1
Fighting       | |  4.9
Axes           | |  4.9
Dodging        | |  4.9
Translocations | |  5.6

Action                     |  1- 3 |  4- 6 || total
---------------------------+-------+-------++-------
  Melee: Hand axe          |   124 |    75 ||   199
         Bite              |    10 |    12 ||    22
         Punch             |     1 |     1 ||     2
         War axe           |       |    47 ||    47
   Fire: Sling             |       |    15 ||    15
    Use: Scroll            |       |     7 ||     7
   Stab: Sleeping          |     1 |       ||     1
 Armour: Leather armour    |    53 |       ||    53
         Chain mail        |    32 |   126 ||   158
  Dodge: Dodged            |    91 |    54 ||   145
  Block: Buckler           |       |     7 ||     7
         Kite shield       |       |    11 ||    11
